 Dungeon Crawl Stone Soup version 0.30.0-29-ga12c61a403 (webtiles) character file.

Game seed: 3720664899369310101

374 McKennaii the Conjurer (level 6, -5/45 HPs)
             Began as a Demigod Conjurer on June 5, 2023.
             Slain by Ijyb
             ... wielding a +3 dagger of freezing
              (7 damage)
             ... on level 4 of the Dungeon.
             The game lasted 00:02:34 (4073 turns).

McKennaii the Conjurer (Demigod Conjurer)           Turns: 4073, Time: 00:02:35

Health: -5/45      AC:  0    Str:  7    XL:     6   Next: 19%
Magic:  13/15      EV: 14    Int: 27    God:
Gold:   135        SH:  5    Dex: 16    Spells: 3/13 levels left

rFire   . . .        (weapon currently unavailable)
rCold   . . .        (shield currently unavailable)
rNeg    . . .        a - melded +0 robe
rPois   .            (helmet currently unavailable)
rElec   .            (cloak currently unavailable)
rCorr   .            (gloves currently unavailable)
SInv    .            (boots currently unavailable)
Will    .....        s - amulet of reflection
Stlth   +            (ring currently unavailable)
HPRegen 0.27/turn    (ring currently unavailable)
MPRegen 0.14/turn

%: reflection
@: pig-form (expiring), silenced, very quick
A: fast, no casting, small, high MP 1, forlorn, divine attributes, (iridescent
scales 1), agile 1, (deformed body), subdued magic 1
a: no special abilities


You were on level 4 of the Dungeon.
You were a filthy swine.
You visited 1 branch of the dungeon, and saw 4 of its levels.

You collected 135 gold pieces.

Inventory:

Armour
 a - a +0 robe (melded)
Jewellery
 m - a ring of fire
 s - an amulet of reflection (around neck)
Scrolls
 d - a scroll of torment {unknown}
 e - a scroll of blinking {unknown}
 f - 2 scrolls of enchant armour {unknown}
 g - 2 scrolls of butterflies {unknown}
 h - a scroll of poison {unknown}
 i - 2 scrolls of immolation {unknown}
 j - 2 scrolls of amnesia {unknown}
 k - 2 scrolls of identify {unknown}
 l - a scroll of magic mapping {unknown}
 p - a scroll of enchant weapon {unknown}
 u - a scroll of vulnerability {unknown}
Potions
 b - a potion of magic
 o - a potion of attraction {unknown}
 q - a potion of brilliance
 r - a potion of heal wounds {unknown}
 t - 3 potions of curing {unknown}


   Skills:
 - Level 1.8 Dodging
 - Level 1.8 Stealth
 + Level 4.2 Spellcasting
 + Level 5.6 Conjurations


You had 3 spell levels left.
You knew the following spells:

 Your Spells              Type           Power      Damage    Failure   Level
a - Magic Dart            Conj           100%       1d8       1%          1
b - Searing Ray           Conj           54%        2d6       1%          2
c - Iskenderun's Mystic   Conj/Tloc      16%        2d5       21%         4
d - Stone Arrow           Conj/Erth      32%        3d9       6%          3

Your spell library contained the following spells:

 Spells                   Type           Power      Damage    Failure   Level
 Foxfire                  Conj/Fire      64%        2x1d7     1%          1
 Apportation              Tloc           8%         N/A       6%          1
 Necrotise                Necr           16%        1d4       6%          1
 Sandblast                Erth           8%         2d5       6%          1
 Summon Small Mammal      Summ           16%        N/A       6%          1
 Dazzling Flash           Conj/Hex       32%        N/A       6%          3
 Mephitic Cloud           Conj/Pois/Air  12%        N/A       9%          3
 Call Imp                 Summ           8%         N/A       10%         2
 Passwall                 Tmut/Erth      3%         N/A       10%         2
 Fulminant Prism          Conj/Hex       8%         3d7       21%         4
 Fireball                 Conj/Fire      8%         3d6       52%         5
 Starburst                Conj/Fire      8%         6d4       98%         6
 Plasma Beam              Fire/Air       2%         2x1d13    100%        6


Dungeon Overview and Level Annotations

Branches:
Dungeon (4/15)
 Temple: D:4-7

Annotations:
D:4 Ijyb, Robin


Innate Abilities, Weirdness & Mutations

You are a filthy swine.
You move quickly.
Your equipment is almost entirely melded.
You are incapable of wielding weapons or throwing items.
You cannot cast spells.
You have an increased reservoir of magic. (+10% MP)
You shall have no god before yourself.
Your divine heritage dramatically boosts your attributes as you level up.
((You are partially covered in iridescent scales. (AC +2)))
You are agile. (Dex +4, Str/Int -1)
((Armour fits poorly on your strangely shaped body.))
Your spells are a little easier to cast, but a little less powerful.


Message History

You hit the hobgoblin.
The hobgoblin is lightly wounded.
You hit the hobgoblin.
The hobgoblin is heavily wounded.
You block the hobgoblin's attack.
You hit the hobgoblin but do no damage.
The hobgoblin is heavily wounded.
The hobgoblin barely misses you. Robin throws Ijyb at you!
Ijyb barely misses you.
You hit the hobgoblin.
The hobgoblin is severely wounded.
The hobgoblin hits you.
Ijyb hits you with a +3 dagger of freezing!
Ijyb freezes you.
Unknown command.
You completely miss Ijyb.
Your transformation is almost over.
The hobgoblin barely misses you.
Ijyb hits you with a +3 dagger of freezing.
Ijyb freezes you.
You hit Ijyb but do no damage.
The hobgoblin no longer looks unusually strong.
The hobgoblin barely misses you.
Ijyb hits you with a +3 dagger of freezing.
* * * LOW HITPOINT WARNING * * *
Ijyb freezes you.
* * * LOW HITPOINT WARNING * * *
As you read the scroll labelled LIURCH NOUS, it crumbles to dust.
A profound silence engulfs you.
It was a scroll of silence.
The hobgoblin hits you!
* * * LOW HITPOINT WARNING * * *
You block Ijyb's attack.
It was a potion of mutation.
You feel extremely strange.
Your connection to magic feels subdued.
You feel agile.
Your body twists and deforms.
Iridescent scales grow over part of your body.
The hobgoblin hits you.
* * * LOW HITPOINT WARNING * * *
Ijyb hits you with a +3 dagger of freezing!
You die...

#...........
#.....†.....
#...........
#.....(.....
#.......#
#.......#
#gg.....#
#g####### #h#
#g# #.######
#......####
#######.....#
#.........#.#
#.#####...#.#
#.#...<.....#
#.#.#.......#


You could see Ijyb (strong), Robin and 2 hobgoblins.

Vanquished Creatures
  Sigmund (D:2)
  Natasha (thrice) (D:2)
  An orc wizard (D:3)
  2 adders
  A white imp (D:3)
  3 worms
  3 dart slugs
  3 orcs (D:3)
  11 bats
  7 endoplasms
  10 hobgoblins
  A jackal (D:1)
  4 quokkas
  5 ball pythons
  3 frilled lizards (D:1)
  7 goblins
  3 kobolds
  7 rats
75 creatures vanquished.

Notes
Turn   | Place    | Note
-------+----------+-------------------------------------------
     0 | D:1      | McKennaii the Demigod Conjurer began the quest for the Orb.
     0 | D:1      | Reached XP level 1. HP: 14/14 MP: 5/5
   380 | D:1      | Reached XP level 2. HP: 20/20 MP: 4/7
   761 | D:1      | Learned a level 2 spell: Searing Ray
   788 | D:1      | Reached skill level 4 in Conjurations
  1400 | D:1      | Reached XP level 3. HP: 22/26 MP: 1/9
  1544 | D:2      | Noticed Sigmund
  1920 | D:2      | Killed Sigmund
  1921 | D:2      | Reached skill level 5 in Conjurations
  1921 | D:2      | Reached XP level 4. HP: 7/33 MP: 2/12
  1921 | D:2      | Reached XP level 5. HP: 9/38 MP: 2/13
  2577 | D:2      | Noticed Natasha
  2582 | D:2      | Killed Natasha
  2643 | D:2      | Noticed Natasha
  2649 | D:2      | Killed Natasha
  2649 | D:2      | Noticed Natasha
  2660 | D:2      | Killed Natasha
  2891 | D:3      | Reached XP level 6. HP: 45/45 MP: 9/15
  2896 | D:3      | Learned a level 4 spell: Iskenderun's Mystic Blast
  2900 | D:3      | Learned a level 3 spell: Stone Arrow
  4050 | D:4      | Noticed Ijyb
  4055 | D:4      | Noticed Robin
  4073 | D:4      | Gained mutation: Your spells are a little easier to cast,
                  | but a little less powerful. [potion of mutation]
  4073 | D:4      | Gained mutation: You are agile. (Dex +4, Str/Int -1)
                  | [potion of mutation]
  4073 | D:4      | Gained mutation: Armour fits poorly on your strangely
                  | shaped body. [potion of mutation]
  4073 | D:4      | Gained mutation: You are partially covered in iridescent
                  | scales. (AC +2) [potion of mutation]
  4073 | D:4      | HP: 2/45 [hobgoblin (3)]
  4073 | D:4      | Slain by Ijyb

Illustrated notes

Levels and vault maps discovered:
D:1:      amcnicky_arrival_single_pillar, layout_basic, minmay_pentomino_w4
D:2:      minmay_chambers_of_ones, layout_basic, hangedman_decor_growths,
          uniq_natasha, uniq_sigmund
D:3:      layout_loops_corners, general_overflow_altar, palyth_stone_intersect
D:4:      minmay_razor_zed, layout_basic, gammafunk_temple_overflow_forgotten,
          hellmonk_ghost_happy_afterlife, nicolae_goblin_pals

Skill      XL: |  1  2  3  4  5 |
---------------+----------------+-----
Spellcasting   | 2 3 4 |  4.2
Conjurations   | 4 5 |  5.6
Dodging        | |  1.8
Stealth        | |  1.8

Action                     |  1- 3 |  4- 6 || total
---------------------------+-------+-------++-------
  Melee: Unarmed           |    15 |     9 ||    24
   Cast: Magic Dart        |    69 |    89 ||   158
         Searing Ray       |     4 |     3 ||     7
    Use: Scroll            |       |     1 ||     1
         Potion            |       |     1 ||     1
 Armour: Robe              |     5 |     3 ||     8
  Dodge: Dodged            |    18 |     9 ||    27
  Block: Other             |       |     3 ||     3
